 Dungeon Sprint DCSS version 0.27.1 (webtiles) character file.

Game seed: 3654841992070313049

267 styxcanada the Unseen (level 6, -4/49 HPs)
             Began as a Spriggan Brigand on Aug 27, 2021.
             Was an Initiate of Gozag.
             Slain by a spriggan (11 damage)
             ... in the Dungeon (Sprint IV: "Fedhas' Mad Dash").
             The game lasted 00:02:20 (436 turns).

styxcanada the Unseen (Spriggan Brigand)             Turns: 436, Time: 00:02:20

Health: -4/49      AC:  3    Str:  7    XL:     6   Next: 0%
Magic:  7/7        EV: 21    Int: 12    God:    Gozag
Gold:   199        SH:  0    Dex: 19    Spells: 5/5 levels left

rFire    . . .     SeeInvis +   a - +2 dagger
rCold    . . .     Faith    .   (shield restricted)
rNeg     . . .     Spirit   .   b - +0 robe
rPois    .         Reflect  .   (helmet restricted)
rElec    .         Harm     .   c - +0 cloak
rCorr    .         Rampage  .   (gloves unavailable)
Will     +....     NoTele   +   (boots unavailable)
Stlth    ..........             l - amulet of invisibility {+Inv}
HPRegen  0.16/turn              (no ring)
MPRegen  0.10/turn              (no ring)

@: berserking, very slightly contaminated, very quick
A: very small, no large weapons, unfitting armour, see invisible, speed 3
a: Renounce Religion, Evoke Invisibility, Potion Petition, Call Merchant, Bribe
Branch


You were in the Dungeon.
You worshipped Gozag.
Gozag was aware of your devotion.
You visited 1 branch You collected 199 gold pieces.

Inventory:

Hand Weapons
 a - a +2 dagger (weapon)
Armour
 b - a +0 robe (worn)
 c - a +0 cloak (worn)
Jewellery
 l - the amulet of invisibility (around neck) {+Inv}
   (You found it in the Dungeon)

   [amulet of nothing]

   +Inv:      It lets you turn invisible.
Scrolls
 k - a scroll of blinking
Potions
 f - a potion of curing
 g - a potion of heal wounds
 h - a potion of haste
 i - 2 potions of magic


   Skills:
 * Level 3.7 Fighting
 + Level 3.6 Short Blades
 + Level 3.8 Throwing
 * Level 6.1 Dodging
 * Level 15.1 Stealth
 + Level 2.1 Evocations


You had 5 spell levels left.
You didn't know any spells.
Your spell library was empty.

Dungeon Overview and Level Annotations

Branches:
Dungeon (1/1)

Altars:
Cheibriados
Dithmenos
Elyvilon
Gozag
Hepliaklqana
Kikubaaqudgha
Makhleb
Nemelex Xobeh
Okawaru
Qazlal
Ru
Sif Muna
Trog
Uskayaw
Vehumet
Wu Jian
Xom
Yredelemnul
Zin
The Shining One
Beogh
Jiyva
Lugonu


Innate Abilities, Weirdness & Mutations

You are very small and have problems with some larger weapons.
You are too small for most types of armour.
You have supernaturally acute eyesight. (SInv)
You cover ground extremely quickly. (Speed+++)


Message History

Aim: a spriggan, wielding a +0 rapier and wearing a +0 robe (36% to hit)
You throw a poisoned dart.
The poisoned dart closely misses the spriggan.
The spriggan misses you.
There is an open door here.
Throw: 2 darts (poison)
Press: ? - help, Q - select action, (/) - cycle Shift-Dir - straight line, f/p - spriggan
Aim: a spriggan, wielding a +0 rapier and wearing a +0 robe (36% to hit)
You throw a poisoned dart.
The poisoned dart barely misses the spriggan.
The spriggan closely misses you.
There is an open door here.
You see here a rat skeleton.
Throw: dart (poison)
Press: ? - help, Q - select action, (/) - cycle Shift-Dir - straight line, f/p - spriggan
Aim: a spriggan, wielding a +0 rapier and wearing a +0 robe (36% to hit)
You throw a poisoned dart. The poisoned dart hits the spriggan.
The spriggan is poisoned.
Throw: dart (curare)
Press: ? - help, Q - select action, (/) - cycle Shift-Dir - straight line, f/p - spriggan
Aim: a spriggan, wielding a +0 rapier and wearing a +0 robe (poisoned, 36% to hit)
You throw a curare-tipped dart.
The curare-tipped dart hits the spriggan.
The spriggan looks even sicker.
The spriggan convulses.
The spriggan seems to slow down.
The spriggan is moderately wounded.
The spriggan closely misses you.
You see here a river rat skeleton.
There is a staircase leading out of the dungeon here.
Unknown command.
Unknown command.
A red film seems to cover your vision as you go berserk!
You feel yourself moving faster!
You feel mighty!
You barely miss the spriggan.
The spriggan is almost dead.
You miss the spriggan.
The spriggan is almost dead.
The spriggan hits you with a +0 rapier!
You die...
Your body crumbles into a pile of gold.

##################
#@i..#.....#....(#
#PP..÷.(...'(#.)('
#PPPP#.....#.#†..#
###############+##
# $ $#


$$$$ You could see a spriggan (very poisoned, slow).

Vanquished Creatures
  2 scorpions (D)
  3 oklob saplings (D)
  A spriggan (D)
  A river rat (D)
  A rat (D)
8 creatures vanquished.

Vanquished Creatures (others)
  A fungus (D)
1 creature vanquished.

Grand Total: 9 creatures vanquished

Notes
Turn   | Place    | Note
-------+----------+-------------------------------------------
     0 | D        | styxcanada the Spriggan Brigand began the quest for the
                  | Orb.
     0 | D        | Reached XP level 1. HP: 10/10 MP: 2/2
    16 | D        | Reached skill level 6 in Stealth
    28 | D        | Reached skill level 7 in Stealth
    28 | D        | Reached XP level 2. HP: 2/15 MP: 3/3
   286 | D        | Noticed an oklob sapling
   288 | D        | Killed an oklob sapling
   289 | D        | Reached skill level 9 in Stealth
   289 | D        | Reached XP level 3. HP: 18/18 MP: 4/4
   290 | D        | Noticed a scorpion
   290 | D        | Found the amulet of invisibility {+Inv}
   292 | D        | Killed a scorpion
   293 | D        | Reached skill level 12 in Stealth
   293 | D        | Reached XP level 4. HP: 23/23 MP: 5/5
   307 | D        | Found an opulent altar of Gozag.
   307 | D        | Found a hazy altar of Hepliaklqana.
   307 | D        | Found a burning altar of Makhleb.
   307 | D        | Found a sparkling altar of Nemelex Xobeh.
   307 | D        | Found a snail-covered altar of Cheibriados.
   307 | D        | Found a sacrificial altar of Ru.
   307 | D        | Found a shimmering blue altar of Sif Muna.
   307 | D        | Found a shimmering altar of Xom.
   307 | D        | Found a basalt altar of Yredelemnul.
   316 | D        | Found a viscous altar of Jiyva.
   316 | D        | Found a bloodstained altar of Trog.
   316 | D        | Found an ornate altar of the Wu Jian Council.
   317 | D        | Found an iron altar of Okawaru.
   317 | D        | Found a shadowy altar of Dithmenos.
   317 | D        | Found a glowing silver altar of Zin.
   318 | D        | Found an ancient bone altar of Kikubaaqudgha.
   318 | D        | Found a hide-covered altar of Uskayaw.
   319 | D        | Found a stormy altar of Qazlal.
   319 | D        | Found a white marble altar of Elyvilon.
   319 | D        | Found a glowing golden altar of the Shining One.
   320 | D        | Became a worshipper of Gozag Ym Sagoz the Greedy
   321 | D        | Found a corrupted altar of Lugonu.
   321 | D        | Found a radiant altar of Vehumet.
   325 | D        | Reached skill level 5 in Dodging
   325 | D        | Reached skill level 13 in Stealth
   325 | D        | Reached XP level 5. HP: 28/28 MP: 3/6
   382 | D        | Reached skill level 14 in Stealth
   382 | D        | Reached skill level 1 in Evocations
   392 | D        | Reached skill level 15 in Stealth
   392 | D        | Reached XP level 6. HP: 14/33 MP: 5/7
   436 | D        | Slain by a spriggan

Illustrated notes

Levels and vault maps discovered:
D:        dungeon_sprint_fedhas [sprint_temple]

Skill      XL: |  1  2  3  4  5 |
---------------+----------------+-----
Stealth        | 7 9 12 13 15 | 15.1
Fighting       | 2 3 |  3.7
Dodging        | 2 3 4 5 6 |  6.1
Throwing       | 3 |  3.8
Short Blades   | 3 |  3.6
Evocations     | 2 |  2.1

Action                   |  1- 3 |  4- 6 || total
-------------------------+-------+-------++-------
Melee: Dagger            |    13 |     9 ||    22
Throw: Dart              |    10 |     8 ||    18
 Abil: Evoke Invisibilit |       |     2 ||     2
  Use: Scroll            |     1 |       ||     1
       Potion            |       |     1 ||     1
 Stab: Sleeping          |     2 |     3 ||     5
       Invisible         |       |     1 ||     1
Armor: Robe              |     1 |       ||     1
Dodge: Dodged            |     6 |     8 ||    14
